Map: [ESL] Tropical Sacrifice

Players

Astrea - Winner!

  • Race: Protoss Protoss
  • League: Master
  • Spawn Location: 1:00

Neeb

  • Race: Protoss Protoss
  • League: Master
  • Spawn Location: 7:00

Event: HomeStory Cup XXI

VOD

Have the link to the VOD?

Description

Time

  • Played on: July 24, 2022, 7:44 a.m.
  • Length: 15:51

All games in this series

Show
View Real Time Build Order
Export as new Build Order

Astrea Protoss - Winner!

Build Orders: Phoenix Opening, Archon Immortal 

Get SALT Encoding   

  12  0:00  Probe  
  13  0:12  Probe  
  14  0:18  Pylon  
  14  0:24  Probe  
  15  0:36  Probe (Chrono Boost)  
  15  0:42  Gateway  
  16  0:46  Probe (Chrono Boost)  
  16  0:47  Assimilator  
  17  0:51  Probe (Chrono Boost)  
  18  1:03  Probe  
  19  1:15  Probe (Chrono Boost)  
  20  1:18  Pylon  
  20  1:19  Assimilator  
  21  1:27  Probe (Chrono Boost)  
  21  1:30  Cybernetics Core  
  21  1:32  Probe (Chrono Boost)  
  21  1:36  Zealot  
  24  1:41  Probe  
  25  1:53  Probe  
  26  2:06  Probe  
  26  2:08  Warp Gate  
  27  2:11  Sentry (Chrono Boost)  
  29  2:17  Nexus  
  29  2:24  Pylon  
  29  2:27  Probe  
  30  2:35  Stalker  
  31  2:37  Phoenix  
  31  2:42  Probe  
  32  2:50  Shield Battery  
  32  2:54  Probe  
  33  2:58  Robotics Facility  
  33  3:06  Probe  
  33  3:07  Stalker  
  36  3:18  Probe  
  37  3:29  Probe (Chrono Boost)  
  37  3:30  Probe (Chrono Boost)  
  39  3:39  Probe (Chrono Boost)  
  39  3:40  Probe (Chrono Boost)  
  41  3:44  Probe (Chrono Boost)  
  41  3:45  Probe (Chrono Boost)  
  41  3:46  Observer  
  44  3:55  Nexus  
  44  3:56  Probe  
  44  3:57  Probe  
  46  4:06  Pylon  
  46  4:08  Probe  
  46  4:09  Probe  
  48  4:10  Observer (Chrono Boost)  
  49  4:20  Probe  
  49  4:21  Probe  
  51  4:25  Pylon, Immortal (Chrono Boost)  
  55  4:32  Probe  
  55  4:34  Stalker  
  58  4:40  Probe, Assimilator  
  58  4:44  Probe  
  60  4:50  Shield Battery  
  60  4:52  Observer, Probe, Immortal (Chrono Boost)  
  61  4:56  Probe  
  65  5:04  Probe  
  67  5:07  Probe  
  67  5:09  Stalker, Probe, Gateway  
  70  5:14  Pylon  
  70  5:16  Probe  
  70  5:19  Probe  
  70  5:20  Warp Prism (Chrono Boost)  
  70  5:21  Probe  
  73  5:27  Shield Battery  
  75  5:28  Probe  
  75  5:31  Probe  
  75  5:33  Probe  
  75  5:35  Stalker  
  80  5:40  Probe  
  81  5:43  Probe  
  81  5:45  Probe  
  81  5:46  Immortal (Chrono Boost)  
  81  5:47  Shield Battery  
  87  5:53  Probe  
  87  5:55  Pylon  
  87  5:56  Probe  
  89  5:58  Observer  
  89  6:02  Forge  
  89  6:03  Assimilator  
  89  6:05  Pylon  
  89  6:06  Twilight Council  
  89  6:12  Stalker x2  
  89  6:13  Probe x2  
  95  6:19  Gateway  
  95  6:20  Gateway  
  95  6:25  Gateway  
  95  6:27  Gateway  
  95  6:33  Protoss Ground Weapons Level 1 (Chrono Boost), Pylon  
  95  6:34  Gateway  
  95  6:36  Pylon, Gateway  
  95  6:40  Observer  
  95  6:42  Charge  
  96  6:47  Nexus  
  96  6:53  Templar Archives  
  96  7:04  Probe x2  
  96  7:05  Zealot x2  
  96  7:06  Immortal  
  104  7:16  Probe x2  
  104  7:18  Assimilator  
  104  7:20  Pylon, Zealot x3  
  104  7:22  Pylon  
  112  7:27  Probe  
  112  7:28  Probe  
  114  7:30  Photon Cannon  
  114  7:31  High Templar, Shield Battery  
  114  7:35  Probe  
  117  7:37  Pylon  
  117  7:38  High Templar x3  
  117  7:39  Zealot  
  117  7:41  Archon  
  117  7:42  Archon  
  117  7:43  Zealot x3  
  131  7:47  Pylon  
  131  7:52  Probe x2  
  131  7:54  Photon Cannon  
  131  7:55  Probe  
  134  8:02  Probe  
  134  8:04  Probe x2  
  137  8:05  High Templar  
  137  8:06  High Templar, Zealot x3  
  137  8:10  Archon  
  137  8:11  High Templar  
  137  8:12  High Templar, Zealot  
  153  8:15  Archon  
  153  8:18  Photon Cannon x2  
  153  8:33  Zealot x2  
  149  8:48  Zealot x6  
  155  8:52  Protoss Ground Weapons Level 2 (Chrono Boost)  
  143  9:03  Probe x3  
  144  9:11  Zealot x6  
  144  9:14  Pylon  
  144  9:15  Blink (Chrono Boost)  
  144  9:16  Pylon  
  150  9:24  Zealot x2  
  150  9:29  Gateway  
  154  9:32  Gateway  
  154  9:37  High Templar x4  
  154  9:38  Zealot x2  
  166  9:42  Archon x2  
  158  9:50  Probe  
  137  9:55  Zealot x2  
  137  9:56  Probe  
  137  9:58  Probe  
  125  10:01  Zealot  
  125  10:02  Zealot  
  125  10:03  Probe  
  119  10:10  Zealot x4  
  109  10:15  Immortal (Chrono Boost)  
  109  10:18  Probe  
  109  10:19  Probe  
  99  10:26  Zealot x5  
  107  10:28  Probe x2  
  107  10:33  Zealot x5  
  119  10:38  Assimilator x2  
  119  10:39  Photon Cannon, Gateway  
  119  10:40  Gateway  
  119  10:41  Pylon  
  119  10:47  Dark Shrine  
  119  10:50  Nexus, Photon Cannon  
  119  10:52  Pylon  
  119  10:57  High Templar x4, Zealot  
  119  10:58  Zealot x5  
  119  10:59  Protoss Ground Weapons Level 3 (Chrono Boost)  
  119  11:02  Pylon, Archon  
  139  11:04  Archon  
  139  11:07  Observer (Chrono Boost)  
  140  11:12  Photon Cannon  
  140  11:14  Photon Cannon  
  140  11:16  Shield Battery  
  140  11:18  Zealot x4  
  148  11:19  Pylon, Zealot  
  150  11:28  Zealot  
  150  11:29  Zealot x4  
  160  11:35  Probe x4  
  164  11:44  High Templar x2, Zealot  
  164  11:45  Zealot x4  
  176  11:53  Archon  
  158  12:05  Stalker x9  
  158  12:08  Stalker, Shadow Stride (Chrono Boost)  
  178  12:13  Probe  
  178  12:14  Photon Cannon, Probe x2  
  181  12:30  Dark Templar x3  
  181  12:31  Zealot x4  
  181  12:32  Zealot x2  
  161  12:51  Robotics Bay  
  161  12:53  Robotics Facility  
  161  12:54  Assimilator  
  158  12:58  Observer (Chrono Boost)  
  158  13:03  Robotics Facility  
  158  13:06  Zealot x12  
  180  13:34  Zealot x11  
  190  13:37  Photon Cannon, Pylon  
  190  13:38  Photon Cannon  
  190  13:39  Photon Cannon  
  200  13:45  Disruptor (Chrono Boost)  
  199  14:05  Disruptor x2 (Chrono Boost)  
  185  14:10  Disruptor (Chrono Boost)  
  182  14:20  Dark Templar  
  182  14:21  Dark Templar x4  
  192  14:31  Disruptor (Chrono Boost)  
  192  14:36  Disruptor (Chrono Boost)  
  188  14:41  Disruptor (Chrono Boost)  
  188  14:45  Dark Templar x3  
  189  14:59  Disruptor  
  181  15:08  Stalker x6  
  181  15:09  Disruptor  
  181  15:12  Photon Cannon x2, Probe x2  
  194  15:14  Pylon  
  194  15:16  Photon Cannon  
Show
View Real Time Build Order
Export as new Build Order

Neeb Protoss 

Build Orders: Phoenix Opening, Blink Stalkers, Zealot Archon 

Get SALT Encoding   

  12  0:00  Probe  
  13  0:12  Probe  
  14  0:20  Pylon  
  14  0:24  Probe  
  15  0:38  Probe (Chrono Boost)  
  15  0:39  Gateway  
  16  0:47  Probe (Chrono Boost)  
  16  0:48  Assimilator  
  17  0:52  Probe  
  18  0:59  Assimilator  
  18  1:04  Probe  
  18  1:07  Pylon  
  19  1:16  Probe  
  20  1:26  Cybernetics Core  
  20  1:29  Probe  
  23  1:37  Pylon  
  23  1:41  Probe  
  24  1:53  Probe  
  25  2:00  Stalker (Chrono Boost)  
  25  2:03  Warp Gate  
  25  2:05  Probe  
  26  2:15  Pylon  
  26  2:17  Probe  
  26  2:21  Stalker (Chrono Boost)  
  29  2:35  Nexus  
  29  2:36  Probe  
  29  2:43  Stalker  
  29  2:48  Probe  
  32  2:57  Gateway  
  32  3:00  Probe  
  33  3:13  Sentry, Probe (Chrono Boost)  
  33  3:18  Twilight Council  
  36  3:25  Probe (Chrono Boost)  
  37  3:27  Pylon  
  37  3:30  Probe (Chrono Boost)  
  39  3:41  Probe (Chrono Boost)  
  39  3:44  Robotics Facility  
  39  3:47  Probe (Chrono Boost)  
  39  3:48  Phoenix  
  40  3:49  Blink (Chrono Boost)  
  41  3:58  Probe (Chrono Boost)  
  41  3:59  Probe (Chrono Boost)  
  42  4:03  Probe (Chrono Boost)  
  42  4:05  Probe (Chrono Boost)  
  44  4:11  Stalker x2  
  44  4:15  Probe  
  50  4:17  Probe  
  50  4:22  Pylon  
  50  4:27  Probe  
  50  4:29  Probe  
  52  4:34  Observer  
  52  4:35  Stalker x2  
  57  4:40  Probe  
  57  4:43  Probe  
  59  4:49  Nexus  
  59  4:52  Probe  
  60  4:55  Observer  
  60  4:59  Adept x2  
  65  5:00  Probe  
  65  5:06  Probe, Assimilator  
  67  5:09  Pylon  
  67  5:16  Probe  
  67  5:18  Probe  
  67  5:20  Pylon  
  69  5:24  Forge  
  69  5:28  Probe  
  71  5:30  Probe  
  71  5:40  Probe  
  71  5:42  Observer  
  72  5:43  Stalker x2  
  72  5:45  Gateway  
  72  5:48  Gateway  
  74  5:51  Probe  
  74  5:54  Protoss Ground Weapons Level 1 (Chrono Boost)  
  74  5:55  Shield Battery  
  75  5:59  Immortal  
  75  6:00  Probe  
  81  6:04  Probe  
  81  6:07  Probe  
  80  6:12  Sentry x2  
  80  6:13  Probe  
  80  6:16  Observer, Probe  
  86  6:19  Probe  
  86  6:20  Charge (Chrono Boost)  
  86  6:24  Gateway  
  86  6:25  Gateway  
  87  6:26  Probe  
  88  6:34  Probe  
  88  6:36  Gateway  
  88  6:38  Gateway  
  88  6:40  Nexus  
  88  6:48  Probe  
  88  6:49  Assimilator x2  
  88  6:53  Templar Archives  
  91  6:57  Zealot x2  
  93  7:03  Nexus  
  93  7:12  Pylon  
  93  7:13  Pylon x2  
  93  7:19  Pylon  
  93  7:26  Pylon  
  93  7:29  Pylon  
  93  7:30  Probe x3  
  93  7:31  Zealot x6  
  93  7:34  High Templar x2  
  112  7:37  Warp Prism  
  112  7:38  Protoss Ground Weapons Level 2 (Chrono Boost)  
  112  7:39  Pylon  
  112  7:44  Archon, Probe  
  115  7:46  Probe x2  
  117  7:51  Zealot x2  
  117  7:57  Probe  
  117  7:58  Probe  
  123  8:00  Probe  
  123  8:01  Photon Cannon  
  124  8:06  Robotics Bay  
  124  8:07  Robotics Facility  
  124  8:09  Probe  
  124  8:11  Probe  
  126  8:15  Probe  
  126  8:19  Zealot x4  
  135  8:21  High Templar  
  135  8:22  High Templar, Zealot  
  135  8:27  Archon  
  137  8:42  Zealot x6  
  133  8:52  Probe  
  120  8:57  Zealot x2  
  102  9:07  Zealot x3  
  102  9:08  Disruptor (Chrono Boost), Zealot x3  
  111  9:10  Disruptor (Chrono Boost)  
  111  9:16  Probe x3  
  119  9:18  Shield Battery  
  119  9:19  Shield Battery  
  119  9:22  High Templar x2  
  120  9:27  Archon  
  120  9:28  Stalker x2, High Templar x2  
  120  9:29  Zealot x2  
  132  9:32  Archon  
  132  9:37  Disruptor (Chrono Boost)  
  105  9:53  Zealot x4  
  105  9:57  Probe, Zealot x2  
  116  10:01  Zealot x2  
  112  10:13  Zealot x4  
  101  10:15  Probe (Chrono Boost)  
  101  10:16  Probe (Chrono Boost)  
  101  10:18  Zealot  
  101  10:19  Zealot  
  101  10:20  Probe (Chrono Boost)  
  101  10:21  Protoss Ground Weapons Level 3 (Chrono Boost)  
  102  10:23  Probe (Chrono Boost)  
  102  10:25  Disruptor (Chrono Boost)  
  102  10:27  Probe (Chrono Boost)  
  110  10:32  Disruptor (Chrono Boost)  
  110  10:33  Probe (Chrono Boost)  
  110  10:35  Probe (Chrono Boost)  
  111  10:36  Probe (Chrono Boost)  
  111  10:37  Probe (Chrono Boost)  
  111  10:39  Assimilator x2  
  111  10:41  High Templar x2, Zealot x3  
  124  10:46  Probe x2  
  124  10:47  Archon, Probe x2  
  128  10:54  Disruptor (Chrono Boost)  
  131  10:57  Photon Cannon  
  131  11:00  Pylon  
  131  11:07  Observer  
  131  11:09  Zealot x4  
  140  11:17  Zealot x3  
  140  11:18  Pylon  
  146  11:22  Dark Shrine  
  146  11:26  Colossus (Chrono Boost)  
  146  11:32  High Templar x2  
  154  11:33  Zealot x3  
  154  11:38  Archon  
  162  11:42  Pylon  
  162  11:43  Disruptor (Chrono Boost)  
  158  11:55  Probe  
  158  12:00  Zealot x5  
  158  12:01  Zealot  
  159  12:05  Shield Battery  
  159  12:09  Assimilator  
  159  12:14  Disruptor (Chrono Boost)  
  162  12:15  Observer (Chrono Boost)  
  163  12:25  Pylon x2  
  163  12:26  Pylon  
  163  12:28  Pylon  
  163  12:30  Pylon  
  163  12:36  Dark Templar x3  
  163  12:37  Dark Templar  
  163  12:44  Zealot  
  159  12:52  Stalker x3  
  165  12:59  Probe x3  
  165  13:00  Photon Cannon  
  168  13:11  High Templar x2  
  172  13:13  Nexus  
  172  13:14  Pylon  
  172  13:16  Archon x3  
  172  13:17  Pylon  
  172  13:18  Pylon  
  172  13:19  Pylon  
  172  13:21  Pylon  
  172  13:32  Observer  
  172  13:34  Stalker x4  
  179  13:42  Photon Cannon  
  179  13:43  Photon Cannon  
  179  13:47  Shield Battery  
  179  13:48  Shield Battery  
  179  13:50  Photon Cannon  
  179  13:52  Dark Templar x4  
  179  13:53  Pylon  
  175  14:03  Probe x2  
  175  14:07  Probe x2  
  169  14:11  Stalker  
  169  14:12  Stalker x3  
  177  14:19  Photon Cannon  
  177  14:21  Shield Battery  
  177  14:28  Dark Templar x4  
  168  14:39  Probe x2  
  168  14:40  Probe  
  151  14:52  Observer  
  142  15:02  High Templar x4, Zealot x4  
  148  15:08  Archon  
  148  15:12  Archon  
  148  15:20  Observer  
Tags
 
Add a new tag
Caveats
  • Supply blocks, unpowered buildings, or Contaminate may cause inaccurate times.
  • Supply counts are checked every 10 seconds.